 Dungeon Crawl Stone Soup version 0.32-a0-576-g706899e69d (webtiles) character file.

Game seed: 7155878319803821649

13781 croobank the Covert (level 11, -3/59 HPs)
             Began as a Felid Delver on Mar 1, 2024.
             Was a Believer of Kikubaaqudgha.
             Slain by a basilisk (10 damage)
             ... on level 1 of the Lair of Beasts.
             The game lasted 01:28:56 (13197 turns).

croobank the Covert (Felid Delver)                 Turns: 13197, Time: 01:28:56

Health: -3/59      AC:  2    Str: 12    XL:     11   Next: 80%
Magic:  21/21      EV: 12    Int: 14    God:    Kikubaaqudgha [**....]
Gold:   665        SH:  0    Dex: 18    Spells: 12/22 levels left
                                        Lives:  0   Deaths: 3

rFire   . .          .
                       - Unarmed
rCold   . . .        (shield unavailable)
rNeg    . . .        (body armour unavailable)
rPois   .            (helmet unavailable)
rElec   .            (cloak unavailable)
rCorr   .            (gloves unavailable)
SInv    +            (boots unavailable)
Will    +....        r - amulet of reflection
Stlth   ++           t - +4 ring of slaying
HPRegen 0.29/turn    n - +4 ring of slaying
MPRegen 0.17/turn

%: reflection
@: confused, beast-form, petrifying (expiring), ambrosia-drunk, invisible, very
slow
A: beast (slay +3), very small, claws 1, fangs 3, see invisible, shaggy fur 2,
stealthy paws, no weapons or thrown items, no armour, multi-lived
a: Begin Untransformation, Renounce Religion, Unearth Wretches


You were on level 1 of the Lair of Beasts.
You worshipped Kikubaaqudgha.
Kikubaaqudgha was pleased with you.
You were a hulking beast.
You visited 3 branches of the dungeon, and saw 12 of its levels.

You collected 665 gold pieces.

Inventory:

Jewellery
 b - an amulet of faith
 g - a ring of ice
 i - a ring of flight
 n - a +4 ring of slaying (right paw)
 o - a +6 ring of intelligence
 r - an amulet of reflection (around neck)
 t - a +4 ring of slaying (left paw)
Talismans
 m - a talisman of death
 p - a beast talisman (active)
Wands
 e - a wand of digging (1)
 k - a wand of flame (9)
Scrolls
 a - a scroll of immolation
 j - 4 scrolls of poison
 l - a scroll of revelation
Potions
 c - 5 potions of mutation
 f - a potion of berserk rage
 q - a potion of resistance
 s - a potion of enlightenment


   Skills:
 - Level 7.7 Fighting
 - Level 9.9 Dodging
 - Level 11.9 Stealth
 - Level 7.2 Unarmed Combat
 - Level 6.1 Spellcasting
 - Level 7.0 Summonings
 - Level 5.4 Necromancy
 - Level 0.2 Translocations
 + Level 5.4 Shapeshifting


You had 12 spell levels left.
You knew the following spells:

 Your Spells              Type           Power      Damage    Failure   Level
a - Fugue of the Fallen   Necr           19%        N/A       4%          3
b - Call Imp              Summ           48%        N/A       1%          2
c - Call Canine Familiar  Summ           24%        N/A       2%          3
B - Blink                 Tloc           8%         N/A       22%         2

Your spell library contained the following spells:

 Spells                   Type           Power      Damage    Failure   Level
 Necrotise                Necr           76%        1d7       1%          1
 Sublimation of Blood     Necr           19%        N/A       2%          2
 Kiss of Death            Conj/Necr      44%        2d8       4%          1
 Cigotuvi's Dreadful Rot  Necr/Alch/Air  18%        N/A       11%         2
 Sandblast                Erth           8%         2d5       16%         1
 Lesser Beckoning         Tloc           8%         N/A       22%         2
 Momentum Strike          Conj/Tloc      8%         3d8       22%         2
 Ensorcelled Hibernation  Hex/Ice        8%         N/A       24%         2
 Gell's Gravitas          Tloc           4%         N/A       38%         3
 Teleport Other           Tloc           4%         N/A       38%         3
 Volatile Blastmotes      Fire/Tloc      8%         2d10      41%         3
 Passwall                 Erth           4%         N/A       43%         3
 Sigil of Binding         Hex            4%         N/A       43%         3
 Stone Arrow              Conj/Erth      8%         3d7       43%         3
 Swiftness                Air            4%         N/A       43%         3
 Brom's Barrelling Bould  Conj/Erth      4%         2d3       83%         4
 Fulminant Prism          Conj/Alch      2%         3d5       83%         4
 Ignite Poison            Fire/Alch      4%         N/A       83%         4
 Iskenderun's Mystic Bla  Conj/Tloc      4%         2d3       83%         4
 Freezing Cloud           Conj/Ice/Air   2%         6-21      99%         5
 Summon Hydra             Summ           12%        N/A       100%        7
 Dimensional Bullseye     Hex/Tloc       Unusable   N/A       N/A         4

Dungeon Overview and Level Annotations

Branches:
Dungeon (10/15)            Temple (1/1) D:6            Lair (1/5) D:8
    Orc (0/2) D:9

Altars:
Ashenzari
Cheibriados
Dithmenos
Elyvilon
Fedhas
Gozag
Hepliaklqana
Kikubaaqudgha
Makhleb
Nemelex Xobeh
Okawaru
Qazlal
Ru
Sif Muna
Trog
Uskayaw
Vehumet
Wu Jian
Xom
Yredelemnul
Zin
The Shining One
Beogh

Shops:
D:7 (

Annotations:
D:4 3 runed translucent doors, Krumphau's ghost, amateur DsMo


Innate Abilities, Weirdness & Mutations

You are a hulking beast.
Your limbs bulge with bestial killing power. (Slay +3)
You have sharp claws.
You have razor-sharp teeth.
You have supernaturally acute eyesight. (SInv)
You are covered in thick fur. (AC +2)
Your paws help you pounce on unaware monsters.
You are incapable of wielding weapons or throwing items.
You cannot wear armour.
You gain extra lives every three experience levels.


Message History

The basilisk is moderately wounded.
You miss the basilisk. You bite the basilisk!
The basilisk is heavily wounded.
The basilisk gazes at you.
You are slowing down.
As you read the scroll of fear, it crumbles to dust.
You assume a fearsome visage.
The yak looks frightened!
The basilisk looks frightened!
The yak looks frightened! x2
Cornered, the basilisk turns to fight!
Your limbs are stiffening.
You closely miss the basilisk.
The basilisk is heavily wounded.
The basilisk misses you.
You have turned to stone.
The basilisk bites you! x2
The basilisk bites you. The basilisk bites you. The basilisk bites you!
The basilisk bites you! The basilisk gazes at you.
You resist with almost no effort.
You turn to flesh and can move again.
You closely miss the basilisk.
The basilisk is heavily wounded.
The basilisk bites you!
* * * LOW HITPOINT WARNING * * *
You claw the basilisk!
The basilisk is severely wounded.
The basilisk gazes at you.
You are slowing down.
You are confused.
You feel invigorated.
Your familiar recovers from its injuries.
The basilisk bites you!
* * * LOW HITPOINT WARNING * * *
Your limbs are stiffening.
You fade into invisibility!
The basilisk bites you!
* * * LOW HITPOINT WARNING * * *
The basilisk bites you!
You die...
Kikubaaqudgha rasps: You have failed me!
Welcome... death!

######### ........##
#.#[.# ##...##
##.###.## ### ##>##
##.## ##..########.#
#.## ##..
#>......lh...# #.#
#.# . #.#...######.#
#.## ##.# ..... #.#
##.## ##... ....
#.###...###...# .Y.
.#####.#........P..#
##Y .$
.....................
..Y .
...............##....
..Y
........#.##..P###...
#.####.##.###.## ##..


You could see a basilisk (unable to see you).

Vanquished Creatures
  Fannar (D:10)
  A catoblepas (D:10)
  A two-headed ogre (D:9)
  A cyclops (D:10)
  5 komodo dragons
  A freezing wraith (D:10)
  A rime drake (Lair:1)
  A troll (D:9)
  A hornet (D:8)
  3 blink frogs (Lair:1)
  A vampire (D:10)
  Sigmund (D:6)
  A wyvern (D:9)
  17 yaks
  2 basilisks
  A vampire mosquito (D:9)
  3 steam dragons
  An acid dragon (D:8)
  4 water moccasins
  A sky beast (D:8)
  3 ice beasts
  3 black bears
  3 orc warriors
  4 ogres
  A crocodile (D:7)
  A centaur (D:9)
  3 kobold brigands
  A nameless horror (D:5)
  A gnoll sergeant (D:8)
  4 bullfrogs
  6 scorpions
  5 killer bees
  2 howler monkeys (D:7)
  6 hounds
  3 jellies
  5 orc priests
  A gnoll bouda (D:8)
  8 iguanas
  10 orc wizards
  7 gnolls (D:8)
  10 adders
  2 ufetubi (D:5)
  2 dart slugs
  A ribbon worm (D:2)
  24 orcs
  8 endoplasms
  5 giant cockroaches
  12 goblins
  8 hobgoblins
  2 jackals (D:5)
  3 quokkas
  8 ball pythons
  7 bats
  5 frilled lizards
  21 kobolds
  8 rats
251 creatures vanquished.

Vanquished Creatures (collateral kills)
  Pikel (D:7)
  A yak (D:10)
  2 ogres
  2 lemures (D:7)
  A howler monkey (D:10)
  An iguana (D:7)
  3 orcs
  A frilled lizard (D:7)
12 creatures vanquished.

Vanquished Creatures (others)
  A yak (D:10)
  An orc wizard (D:9)
  An orc (D:10)
3 creatures vanquished.

Grand Total: 266 creatures vanquished

Notes
Turn   | Place    | Note
-------+----------+-------------------------------------------
     0 | D:5      | croobank the Felid Delver began the quest for the Orb.
     0 | D:5      | Reached XP level 1. HP: 12/12 MP: 2/2
     4 | D:6      | Noticed an iguana
    18 | D:4      | Noticed a scorpion
    36 | D:4      | Noticed a hound
    40 | D:4      | Noticed an orc priest
    41 | D:4      | Noticed a hound
   315 | D:1      | Reached XP level 2. HP: 16/16 MP: 3/3
   687 | D:1      | Reached XP level 3. HP: 19/20 MP: 4/4
   882 | D:2      | Reached skill level 7 in Stealth
   917 | D:2      | Found a glowing silver altar of Zin.
  1424 | D:2      | Reached XP level 4. HP: 9/24 MP: 5/5
  1424 | D:2      | Gained a life (2 lives remaining)
  2429 | D:3      | Found a basalt altar of Yredelemnul.
  2431 | D:3      | Noticed a profane servitor
  2452 | D:3      | Found a glowing golden altar of the Shining One.
  2454 | D:3      | Noticed an angel
  2990 | D:4      | Noticed a scorpion
  3011 | D:4      | Killed a scorpion
  3012 | D:4      | Reached XP level 5. HP: 17/29 MP: 6/6
  3225 | D:4      | Gained mutation: You are covered in thick fur. (AC +2)
                  | [Felid growth]
  3225 | D:4      | Reached XP level 6. HP: 26/33 MP: 7/7
  3336 | D:4      | Found a blossoming altar of Fedhas.
  3356 | D:4      | Reached skill level 8 in Stealth
  3391 | D:4      | Reached skill level 5 in Dodging
  3439 | D:4      | Found a runed translucent gate.
  3439 | D:4      | Found a runed translucent gate.
  3440 | D:4      | Found a runed translucent gate.
  3440 | D:4      | Noticed Krumphau's ghost (amateur DsMo)
  3441 | D:4      | Identified the +5 whip "Dragon's Tongue" {freeze, rC- rN+++
                  | Int-4 SInv}
  3441 | D:4      | Identified the +3 chain mail of Edih {Harm Rampage}
  3484 | D:4      | Found an iron altar of Okawaru.
  4013 | D:4      | Found a roughly hewn altar of Beogh.
  4033 | D:5      | Reached XP level 7. HP: 38/38 MP: 8/8
  4039 | D:5      | Learned a level 3 spell: Call Canine Familiar
  4203 | D:5      | Reached skill level 1 in Summonings
  4208 | D:5      | Reached skill level 1 in Spellcasting
  4248 | D:5      | Noticed a nameless horror
  4581 | D:5      | Reached skill level 5 in Fighting
  4668 | D:5      | Killed a nameless horror
  4696 | D:5      | Found a sacrificial altar of Ru.
  4737 | D:5      | Reached XP level 8. HP: 43/43 MP: 10/12
  4740 | D:5      | Reached skill level 9 in Stealth
  5094 | D:6      | Noticed Sigmund
  5286 | D:6      | Found a staircase to the Ecumenical Temple.
  5308 | Temple   | Entered the Ecumenical Temple
  5366 | D:6      | Reached skill level 5 in Unarmed Combat
  5373 | D:6      | Killed Sigmund
  5688 | D:6      | Reached XP level 9. HP: 17/48 MP: 15/15
  6673 | D:7      | Reached skill level 5 in Summonings
  6750 | D:7      | Found Nibue's Antique Weapon Shoppe.
  6767 | D:7      | Reached skill level 10 in Stealth
  6806 | D:7      | Noticed Pikel
  7179 | D:8      | Found an opulent altar of Gozag.
  7398 | D:7      | Found a white marble altar of Elyvilon.
  7473 | D:7      | Noticed a komodo dragon
  7874 | Temple   | Became a worshipper of Kikubaaqudgha
  7935 | D:7      | Learned a level 2 spell: Call Imp
  7971 | D:7      | Killed Pikel
  7972 | D:7      | Reached skill level 1 in Necromancy
  8733 | D:7      | Upgraded the game from 0.32-a0-571-gec57dfcd37 to
                  | 0.32-a0-576-g706899e69d
  8906 | D:8      | Noticed a komodo dragon
  8912 | D:8      | Killed a komodo dragon
  8913 | D:8      | Reached skill level 5 in Spellcasting
  8913 | D:8      | Reached XP level 10. HP: 53/53 MP: 18/18
  8935 | D:8      | Found a staircase to the Lair.
  9786 | D:8      | Reached * piety under Kikubaaqudgha
  9786 | D:8      | Received a gift from Kikubaaqudgha
  9791 | D:8      | Learned a level 3 spell: Fugue of the Fallen
 10191 | D:9      | Found a staircase to the Orcish Mines.
 10211 | D:9      | Reached skill level 11 in Stealth
 10212 | D:9      | HP: 2/53 [vampire mosquito (8)]
 10217 | D:10     | Entered Level 10 of the Dungeon
 10217 | D:10     | Noticed Fannar
 10221 | D:10     | Killed from afar by an orc priest
 10221 | D:10     | Lost a life (1 life remaining)
 10234 | D:10     | Found a radiant altar of Vehumet.
 10443 | D:10     | HP: 1/55 [orc wizard/magic dart (9)]
 10446 | D:10     | Mangled by a yak
 10446 | D:10     | Lost a life (0 lives remaining)
 11091 | D:9      | Noticed a two-headed ogre
 11096 | D:9      | Killed a two-headed ogre
 11284 | D:9      | Found a shimmering altar of Xom.
 11284 | D:9      | Found a shimmering altar of Xom.
 11284 | D:9      | Found a shimmering altar of Xom.
 11284 | D:9      | Found a shimmering altar of Xom.
 11285 | D:9      | Found a shimmering altar of Xom.
 11285 | D:9      | Found a shimmering altar of Xom.
 11328 | D:9      | Reached XP level 11. HP: 55/58 MP: 16/20
 11328 | D:9      | Gained a life (1 life remaining)
 11365 | D:9      | Found a shimmering altar of Xom.
 11435 | D:9      | Reached ** piety under Kikubaaqudgha
 11705 | D:10     | Killed Fannar
 12365 | D:10     | Noticed a tengu warrior
 12365 | D:10     | Noticed a catoblepas
 12369 | D:10     | Reached skill level 5 in Necromancy
 12406 | D:10     | Killed a catoblepas
 12663 | Lair:1   | Entered Level 1 of the Lair of Beasts
 12667 | Lair:1   | Learned a level 2 spell: Blink
 12820 | Lair:1   | Reached skill level 1 in Shapeshifting
 12857 | Lair:1   | Slain by a yak
 12857 | Lair:1   | Lost a life (0 lives remaining)
 13162 | Lair:1   | Reached skill level 5 in Shapeshifting
 13197 | Lair:1   | Slain by a basilisk

Illustrated notes

Levels and vault maps discovered:
D:1:      dpeg_arrival_tiny_k, layout_basic
D:2:      minmay_recursive_quarters, layout_loops_cross, basic_altar,
          minmay_crystal_room
D:3:      layout_loops_corners, grunt_temple_overflow_holy_war, minmay_quantized
D:4:      minmay_wonky_spiral, layout_basic, fedhas_altar_3,
          kennysheep_little_box, biasface_ghost_orc_armoury
D:5:      layout_basic, nicolae_ru_great_annihilating_truth
D:6:      layout_rooms, minmay_temple_entry_trees, grunt_tough_drop,
          uniq_sigmund
D:7:      layout_basic, mainiacjoe_overflow_six_doors_small, serial_shops, shop,
          enter_bailey_5, minmay_lizard_king, uniq_pikel
D:8:      layout_layer_cave, kennysheep_mini_moat, erik_lair_dragon,
          hangedman_abyss_or_decor_stagger
D:9:      layout_loops_ring, xom_shifter_show, orc_0_dummy, nicolae_sextant,
          st_stairs_5
D:10:     minmay_bloctagon_deflated, layout_rooms, lemuel_tele_altar,
          grunt_decor_resistance, minivault_25, minmay_misc_feat_encased,
          grunt_ministairs_1, columned_hall_lemuel, uniq_fannar
Temple:   oiseaux_autumnal_temple
Lair:1:   layout_loops_ring

Skill      XL: |  1  2  3  4  5  6  7  8  9 10 11 |
---------------+----------------------------------+-----
Dodging        | 3 4 5 6 7 8 9 |  9.9
Stealth        | 7 8 9 10 11 | 11.9
Unarmed Combat | 3 4 5 6 7 |  7.2
Fighting       | 4 5 6 7 |  7.7
Summonings     | 2 4 5 6 7 |  7.0
Spellcasting   | 2 3 5 6 |  6.1
Necromancy     | 1 4 5 |  5.4
Shapeshifting  | 5 |  5.4
Translocations | |  0.2

Action                     |  1- 3 |  4- 6 |  7- 9 | 10-12 || total
---------------------------+-------+-------+-------+-------++-------
  Melee: Unarmed           |   127 |   140 |   335 |   275 ||   877
         Bite              |    10 |    17 |    43 |    34 ||   104
         Punch             |     4 |     3 |    20 |    17 ||    44
   Cast: Call Canine Famil |       |       |    10 |    21 ||    31
         Call Imp          |       |       |     7 |    20 ||    27
         Fugue of the Fall |       |       |       |     7 ||     7
  Evoke: Wand              |     1 |       |    14 |     4 ||    19
    Use: Scroll            |     4 |     8 |    10 |     9 ||    31
         Potion            |     1 |     4 |     8 |     8 ||    21
   Stab: Sleeping          |    13 |     9 |    15 |    14 ||    51
         Distracted        |     1 |     3 |     3 |     4 ||    11
         Paralysed         |       |       |     1 |       ||     1
 Armour: Skin              |    32 |    48 |    96 |    95 ||   271
  Dodge: Dodged            |    91 |    92 |   250 |   221 ||   654
  Block: Other             |       |       |    43 |    55 ||    98
         Reflection        |       |       |     2 |     2 ||     4
   Form: Beast             |       |       |     1 |       ||     1

Table legend: (Time is in decaauts)
 A = Elapsed time spent in this place.
 B = Non-inter-level travel time spent in this place.
 C = Inter-level travel time spent in this place.
 D = Time resting spent in this place.
 E = Time spent auto-exploring this place.
 F = Levels seen in this place.
 G = Mean time per level.
                   A        B        C        D        E       F      G
               +--------+--------+--------+--------+--------+-----+--------+
         Total |  13065 |  12358 |    707 |   3181 |   5753 |  12 | 1088.8 |
       Dungeon |  12457 |  11816 |    641 |   3081 |   5560 |  10 | 1245.7 |
        Temple |     84 |     20 |     64 |      0 |     12 |   1 |   84.0 |
          Lair |    523 |    523 |      0 |    100 |    181 |   1 |  523.0 |
               +--------+--------+--------+--------+--------+-----+--------+

Top non-repeatable levels by time:
     D:8: 2035 daAuts
     D:7: 1746 daAuts
     D:5: 1449 daAuts
     D:9: 1338 daAuts
     D:2: 1197 daAuts
     D:3: 1111 daAuts
     D:6: 1088 daAuts
     D:4: 1069 daAuts
    D:10: 814 daAuts
     D:1: 605 daAuts
  Lair:1: 523 daAuts
  Temple: 84 daAuts
